 Dungeon Crawl Stone Soup version 0.22-a0-467-g5c5de1c (webtiles) character file.

106 tilp the Chiller (level 4, -3/30 HPs)
             Began as a Merfolk Ice Elementalist on June 10, 2018.
             Killed by nerve-wracking pain
             ... invoked by Grinder
              (12 damage)
             ... on level 3 of the Dungeon.
             The game lasted 00:07:10 (3024 turns).

tilp the Chiller (Merfolk Ice Elementalist)         Turns: 3024, Time: 00:07:11

Health: -3/30      AC:  7    Str:  8    XL:     4   Next: 84%
Magic:  1/7        EV: 13    Int: 15    God:
Gold:   80         SH:  0    Dex: 14    Spells: 1/7 levels left

rFire    . . .     SeeInvis .   d - +0 dagger
rCold    . . .     Gourm    .   (no shield)
rNeg     . . .     Faith    .   a - +0 robe
rPois    .         Spirit   .   (no helmet)
rElec    .         Reflect  .   (no cloak)
rCorr    .         Harm     .   (no gloves)
MR       .....                  (no boots)
Stlth    ++........             (no amulet)
HPRegen  0.10/turn              (no ring)
MPRegen  0.10/turn              (no ring)

@: icy armour, about to teleport
A: change form in water, swift swim, stealthy swim
a: no special abilities


You were on level 3 of the Dungeon.
You were not hungry.

You visited 1 branch of the dungeon, and saw 3 of its levels.

You collected 80 gold pieces.

Inventory:

Hand Weapons
 d - a +0 dagger (weapon)
Missiles
 e - 53 stones (quivered)
 m - 26 sling bullets
 r - 8 tomahawks
Armour
 a - a +0 robe (worn)
Scrolls
 f - a scroll of remove curse
 g - a scroll of enchant weapon {unknown}
 h - 2 scrolls of teleportation
 n - a scroll of immolation {unknown}
 o - a scroll of blinking
Potions
 b - a potion of agility
 i - a potion of cancellation
 k - a potion of ambrosia
 l - 2 potions of degeneration {unknown}
 p - a potion of magic {unknown}
 q - a potion of curing {unknown}
Comestibles
 c - 2 rations
 j - a chunk of flesh


   Skills:
 - Level 2.6 Dodging
 - Level 2.1 Stealth
 - Level 2.0 Spellcasting
 - Level 0.7 Conjurations
 + Level 5.9 Ice Magic


You had one spell level left.
You knew the following spells:

 Your Spells              Type           Power        Failure   Level  Hunger
a - Freeze                Ice            ###.         1%          1    #......
b - Throw Frost           Conj/Ice       ##....       9%          2    ###....
c - Ozocubu's Armour      Chrm/Ice       ##......     21%         3    ###....

Your spell library contained the following spells:

 Spells                   Type           Power        Failure   Level  Hunger
 Summon Ice Beast         Ice/Summ       ##......     54%         4    #####..
 Throw Icicle             Conj/Ice       ##......     50%         4    #####..


Dungeon Overview and Level Annotations

Branches:
Dungeon (3/15)

Altars:

Annotations:
D:2 Sigmund
D:3 Grinder


Message History

Aim: Natasha (heavily wounded)
You freeze Natasha.
You kill Natasha!
Natasha screams in pain as she dies!
You hit the hobgoblin but do no damage. Grinder gestures at you.
You suddenly lose the ability to move!
The hobgoblin hits you but does no damage.
Grinder gestures at you. Pain shoots through your body!
The hobgoblin completely misses you.
The hobgoblin hits you but does no damage.
The hobgoblin hits you with a club. Grinder hits you.
The hobgoblin hits you but does no damage.
Grinder blinks!
You can move again.
As you read the scroll of teleportation, it crumbles to dust.
You feel strangely unstable. The hobgoblin barely misses you.
Grinder gestures at you. Pain shoots through your body!
You die...

####### #. #..
#.....# #.
#.....#.....# #.
#.....#.....###.
.....#.....)... ##
....#.....#### ##.#
##.##.....#
#...#####...#...).#
#.g@5...#..##'###
#...#####...###.#
##.# ##.## ..# #.
#.# .### # #.##.
#.## #.# ... .#.


You could see Grinder and a hobgoblin.

Vanquished Creatures
  Natasha (D:3)
  2 adders
  3 worms (D:2)
  2 dart slugs
  2 leopard geckos (D:2)
  An orc (D:3)
  4 bats
  3 giant cockroaches (D:1)
  3 goblins (D:1)
  7 hobgoblins
  7 kobolds
  A quokka (D:2)
  2 ball pythons
  A frilled lizard (D:3)
  8 rats
47 creatures vanquished.

Notes
Turn   | Place    | Note
-------+----------+-------------------------------------------
     0 | D:1      | tilp the Merfolk Ice Elementalist began the quest for the Orb.
     0 | D:1      | Reached XP level 1. HP: 13/13 MP: 3/3
   211 | D:1      | Reached XP level 2. HP: 19/19 MP: 5/5
   217 | D:1      | Learned a level 2 spell: Throw Frost
   232 | D:1      | Reached skill level 4 in Ice Magic
   688 | D:1      | Reached XP level 3. HP: 24/24 MP: 1/6
   695 | D:1      | Learned a level 3 spell: Ozocubu's Armour
   915 | D:2      | Noticed Sigmund
  1224 | D:2      | Reached skill level 5 in Ice Magic
  2219 | D:2      | Reached XP level 4. HP: 21/30 MP: 3/7
  3007 | D:3      | Noticed Natasha
  3013 | D:3      | Noticed Grinder
  3017 | D:3      | Killed Natasha
  3018 | D:3      | Paralysed by Grinder for 6 turns
  3024 | D:3      | Killed from afar by Grinder

Vault maps used:
D:1:      dpeg_arrival_simpleton_b
D:2:      uniq_sigmund
D:3:      minmay_misc_feat_tower, uniq_robin, uniq_grinder, uniq_ijyb,
          uniq_natasha

Skill      XL: |  1  2  3 |
---------------+----------+-----
Ice Magic      | 4 5 |  5.9
Dodging        | |  2.6
Stealth        | |  2.1
Spellcasting   | |  2.0
Conjurations   | |  0.7

Action                   |  1- 3 |  4- 6 || total
-------------------------+-------+-------++-------
Melee: Dagger            |    71 |    16 ||    87
Throw: Stone             |     8 |       ||     8
 Cast: Freeze            |    49 |    21 ||    70
       Ozocubu's Armour  |     7 |     3 ||    10
  Use: Scroll            |     4 |     3 ||     7
 Stab: Sleeping          |     6 |     1 ||     7
  Eat: Chunk             |     3 |     3 ||     6
       Ration            |     1 |       ||     1
Armor: Robe              |    17 |    11 ||    28
Dodge: Dodged            |    41 |    25 ||    66

Table legend:
 A = Spawn XP
 B = Non-spawn XP
 C = Spawn XP percentage of total XP
 D = Spawn monster count
 E = Non-spawn monster count
 F = Spawn count percentage of total count
 G = Total turns spent on level
                    A         B        C        D         E        F      G
               +---------+---------+-------+---------+---------+-------+---------
         Total |       0 |     152 |   0.0 |       0 |      47 |   0.0 |  3024
               +---------+---------+-------+---------+---------+-------+---------
           D:1 |       0 |      47 |   0.0 |       0 |      21 |   0.0 |  1279
           D:2 |       0 |      48 |   0.0 |       0 |      19 |   0.0 |  1561
           D:3 |       0 |      57 |   0.0 |       0 |       7 |   0.0 |   184
               +---------+---------+-------+---------+---------+-------+---------
